 Dungeon Crawl Stone Soup version 0.30-b1-2-g02819fbbbe (webtiles) character file.

Game seed: 5370771451309588353

123 MisterFreud the Cudgeller (level 5, -7/32 HPs)
             Began as a Gargoyle Fighter on May 7, 2023.
             Mangled by an ice beast (13 damage)
             ... on level 4 of the Dungeon.
             The game lasted 00:03:10 (2666 turns).

MisterFreud the Cudgeller (Gargoyle Fighter)        Turns: 2666, Time: 00:03:10

Health: -7/32      AC: 17    Str: 21    XL:     5   Next: 7%
Magic:  5/5        EV:  5    Int:  9    God:
Gold:   213        SH:  4    Dex:  9    Spells: 4/4 levels left

rFire   . . .        a - +1 flail
rCold   . . .        c - +0 buckler
rNeg    + . .        q - +1 plate armour
rPois   ∞            (no helmet)
rElec   +            r - +0 cloak
rCorr   .            (no gloves)
SInv    .            (no boots)
Will    .....        (no amulet) Stlth
                     (no ring)
HPRegen 0.25/turn    (no ring)
MPRegen 0.09/turn

%: no passive effects
@: no status effects
A: sickness immunity, AC +4, negative energy resistance 1, electricity
resistance, torment resistance 1, petrification resistance
a: no special abilities


You were on level 4 of the Dungeon.
You visited 1 branch of the dungeon, and saw 4 of its levels.

You collected 213 gold pieces.

Inventory:

Hand Weapons
 a - a +1 flail (weapon)
Missiles
 n - 4 boomerangs (quivered)
 o - 6 datura-tipped darts
Armour
 b - a +0 scale mail
 c - a +0 buckler (worn)
 q - a +1 plate armour (worn)
 r - a +0 cloak (worn)
Wands
 u - a wand of charming (4)
Scrolls
 e - a scroll of teleportation
 f - 2 scrolls of amnesia
 h - a scroll of enchant weapon
 m - a scroll of magic mapping {unknown}
 p - a scroll of enchant armour
 s - a scroll of immolation {unknown}
 w - a scroll of fear {unknown}
Potions
 d - a potion of might
 g - a potion of invisibility
 j - a potion of berserk rage
 k - 2 potions of haste
 l - 2 potions of curing
 t - a potion of ambrosia
 v - a potion of heal wounds {unknown}


   Skills:
 - Level 3.2 Fighting
 + Level 4.8 Maces & Flails
 + Level 3.7 Armour
 - Level 3.2 Shields


You had 4 spell levels left.
You didn't know any spells.
Your spell library contained the following spells:

 Spells                   Type           Power      Damage    Failure   Level
 Beastly Appendage        Tmut           0%         N/A       100%        1
 Wereblood                Tmut           0%         N/A       100%        2
 Spider Form              Tmut/Pois      0%         N/A       100%        3


Dungeon Overview and Level Annotations

Branches:
Dungeon (4/15)
 Temple: D:4-7

Altars:
Dithmenos
Makhleb
Nemelex Xobeh
Ru
The Shining One

Shops:
D:3 [   D:4 *


Innate Abilities, Weirdness & Mutations

You are immune to sickness and miasma.
Your stone body is resilient. (AC +4)
You are immune to poison.
You resist negative energy. (rN+)
You are resistant to electric shocks. (rElec)
You are resistant to unholy torment.
You are immune to petrification.


Message History

An ice beast is nearby!
The ice beast hits you but does no damage.
You closely miss the ice beast.
The ice beast hits you but does no damage.
You hit the ice beast.
The ice beast is moderately wounded.
You block the ice beast's attack.
You hit the ice beast.
The ice beast is moderately wounded.
The ice beast hits you but does no damage.
You barely miss the ice beast.
The ice beast is moderately wounded.
The ice beast hits you. The ice beast freezes you!
You barely miss the ice beast.
The ice beast is moderately wounded.
The ice beast hits you but does no damage.
The ice beast closely misses you.
You are too injured to fight recklessly!
You sock the ice beast!
The ice beast is heavily wounded.
The ice beast hits you but does no damage.
You are too injured to fight recklessly!
You thump the ice beast!
The ice beast is almost dead.
You block the ice beast's attack.
You barely miss the ice beast.
The ice beast is almost dead.
You block the ice beast's attack.
You are too injured to fight recklessly!
You barely miss the ice beast.
The ice beast is almost dead.
The ice beast hits you. The ice beast freezes you!
* * * LOW HITPOINT WARNING * * *
You are too injured to fight recklessly!
You hit the ice beast.
The ice beast is almost dead.
The ice beast hits you.
* * * LOW HITPOINT WARNING * * *
The ice beast freezes you!
You die...

.....# ..
........# ..##
....#..# .#.#
.....∩###...#
......#....#.
............
#..#Y.......
#.##@...#..#
#<..........
#.......#.....>.#.
....#...#.........
.. #...?.....#...
..............#
...............#
...#........##..≈
...#........# ..≈


You could see an ice beast.

Vanquished Creatures
  Ijyb (D:3)
  4 adders (D:2)
  2 worms
  2 dart slugs
  7 bats
  7 endoplasms
  A goblin (D:2)
  6 hobgoblins
  5 kobolds
  2 quokkas
  10 ball pythons
  2 frilled lizards (D:3)
  5 rats
54 creatures vanquished.

Vanquished Creatures (others)
  A plant (D:2)
1 creature vanquished.

Grand Total: 55 creatures vanquished

Notes
Turn   | Place    | Note
-------+----------+-------------------------------------------
     0 | D:1      | MisterFreud the Gargoyle Fighter began the quest for the
                  | Orb.
     0 | D:1      | Reached XP level 1. HP: 14/14 MP: 1/1
    53 | D:1      | Reached XP level 2. HP: 19/19 MP: 2/2
   174 | D:1      | You fall into a shaft and drop 1 floor!
   293 | D:1      | Reached skill level 3 in Maces & Flails
   640 | D:2      | Reached XP level 3. HP: 23/23 MP: 3/3
   827 | D:2      | Reached skill level 4 in Maces & Flails
   974 | D:2      | Reached XP level 4. HP: 28/28 MP: 4/4
  1625 | D:3      | Found Wevukh's Armour Shoppe.
  1728 | D:3      | Noticed Ijyb
  1967 | D:3      | Killed Ijyb
  2146 | D:3      | Reached XP level 5. HP: 32/32 MP: 5/5
  2215 | D:3      | Found a faded altar of an unknown god.
  2215 | D:3      | Found a burning altar of Makhleb.
  2223 | D:3      | Found a glowing golden altar of the Shining One.
  2227 | D:3      | Found a sacrificial altar of Ru.
  2229 | D:3      | Found a sparkling altar of Nemelex Xobeh.
  2429 | D:3      | Found a shadowy altar of Dithmenos.
  2651 | D:4      | Found Tegesaan's Assorted Antiques.
  2654 | D:4      | Noticed an ice beast
  2666 | D:4      | Mangled by an ice beast

Illustrated notes

Levels and vault maps discovered:
D:1:      mrwooster_arrival_statue_2, layout_basic, st_stairs_3,
          minmay_misc_feat_roman
D:2:      cheibrodos_old_hovel, layout_basic
D:3:      layout_loops_ring, lemuel_round_altar,
          chequers_temple_overflow_minitemple, serial_co_window_serial,
          co_window_corner_a, co_window_corner_a, co_window_corner_a,
          co_window_corner_a, co_window_of_opportunity_a, co_window_paths_b,
          co_window_paths_b, co_window_cross_2, co_window_paths_c,
          co_window_paths_c, co_window_corner_b, co_window_2corner,
          co_window_corner_cb, co_window_paths_d, serial_shops, shop, uniq_ijyb
D:4:      layout_cave_pools, minmay_temple_entry_arrows,
          cheibrodos_sewer_entry_sluice, serial_shops, shop, minmay_cupped

Skill      XL: |  1  2  3 |
---------------+----------+-----
Maces & Flails | 3 4 |  4.8
Fighting       | |  3.2
Armour         | |  3.7
Shields        | |  3.2

Action                     |  1- 3 |  4- 6 || total
---------------------------+-------+-------++-------
  Melee: Flail             |   123 |    87 ||   210
    Use: Scroll            |     2 |     5 ||     7
         Potion            |       |     2 ||     2
 Armour: Scale mail        |    72 |    11 ||    83
         Plate armour      |       |    54 ||    54
  Dodge: Dodged            |    56 |    28 ||    84
  Block: Buckler           |    31 |    15 ||    46
